 Dungeon Crawl Stone Soup version 0.27.1-33-g824d729ab1 (webtiles) character file.

Game seed: 17886495205546395704

5814 Panicmode the Basher (level 10, -10/90 HPs)
             Began as a Red Draconian Berserker on Dec 8, 2021.
             Was a Priest of Trog.
             Killed from afar by Erica (24 damage)
             ... with a lance of force
             ... on level 9 of the Dungeon.
             The game lasted 01:12:32 (13159 turns).

Panicmode the Basher (Red Draconian Berserker)     Turns: 13159, Time: 01:12:32

Health: -10/90     AC: 15    Str: 22    XL:     10   Next: 51%
Magic:  10/10      EV: 14    Int:  8    God:    Trog [***...]
Gold:   323        SH:  0    Dex: 11    Spells: 9/9 levels left

rFire    + + .     SeeInvis .   a - +1 flail (protect)
rCold    + + .     Faith    .   (no shield)
rNeg     . . .     Spirit   .   (armour unavailable)
rPois    .         Reflect  .   (helmet restricted)
rElec    .         Harm     .   A - scarf {rC+ rF+}
rCorr    .         Rampage  .   u - +0 pair of gloves
Will     +....                  (no boots)
Stlth    ++........             (no amulet)
HPRegen  0.25/turn              v - ring of willpower
MPRegen  0.12/turn              s - ring of protection from cold

@: lethally poisoned (-10 -> -28), short of breath, under a protective aura, on
berserk cooldown, slowed, very slow
A: breathe fire, AC +7, unfitting armour, fire resistance 1, cold-blooded
a: Breathe Fire, Renounce Religion, Berserk, Trog's Hand


You were on level 9 of the Dungeon.
You worshipped Trog.
Trog was most pleased with you.
You visited 1 branch of the dungeon, and saw 9 of its levels.

You collected 323 gold pieces.

Inventory:

Hand Weapons
 a - a +1 flail of protection (weapon)
 e - a +1 dagger of venom
Missiles
 h - 3 javelins
 r - 29 boomerangs (quivered)
Armour
 u - a +0 pair of gloves (worn)
 A - a scarf of resistance (worn)
Jewellery
 d - a +4 ring of evasion
 s - a ring of protection from cold (right hand)
 v - a ring of willpower (left hand)
Wands
 n - a wand of mindburst (11)
 E - a wand of flame (11)
Scrolls
 f - a scroll of magic mapping {unknown}
 k - 4 scrolls of identify {unknown}
 l - 3 scrolls of teleportation {unknown}
 o - 5 scrolls of enchant weapon {unknown}
 w - 2 scrolls of fog {unknown}
 y - a scroll of acquirement {unknown}
 B - a scroll of blinking {unknown}
 D - a scroll of vulnerability {unknown}
Potions
 b - a potion of magic {unknown}
 c - 2 potions of attraction {unknown}
 g - 3 potions of haste {unknown}
 i - 2 potions of flight {unknown}
 j - 2 potions of might {unknown}
 m - 2 potions of curing
 p - a potion of berserk rage
 q - a potion of degeneration {unknown}
 t - a potion of heal wounds {unknown}
 x - 3 potions of brilliance {unknown}
 z - 2 potions of lignification {unknown}
 C - 2 potions of ambrosia {unknown}


   Skills:
 + Level 8.8 Fighting
 - Level 3.9 Short Blades
 + Level 10.9 Maces & Flails
 - Level 1.0 Throwing
 + Level 7.7 Dodging
 - Level 1.4 Stealth


You had 9 spell levels left.
You didn't know any spells.
Your spell library was empty.

Dungeon Overview and Level Annotations

Branches:
Dungeon (9/15)             Temple (0/1) D:6            Lair (0/6) D:8
    Orc: D:9-12

Altars:
Ru
Uskayaw
Xom

Shops:
D:3 *   D:6 [   D:9 [

Annotations:
D:4 Natasha
D:6 1 runed translucent door, destino's ghost, novice FeCj
D:9 Erica


Innate Abilities, Weirdness & Mutations

You can breathe blasts of fire.
Your fiery red scales are hard. (AC +7)
You cannot fit into any form of body armour.
Your flesh is heat resistant. (rF+)
You are cold-blooded and may be slowed by cold attacks.


Message History

You completely miss something.
You feel sick.
You hear some strange, mumbled words.
You are confused.
You feel sick. Something hits you but does no damage.
Non-targeted confused throw: 29 boomerangs
Press: ? - help, Q - select action, (/) - cycle Dir - look around, f - activate
Okay, then.
You are too berserk!
You bump into the rock wall.
You feel a strong urge to attack something.
You feel sick.
You feel your anger nearly subside.
You are no longer berserk.
You are exhausted.
You feel yourself slow down.
You feel sick.
You feel sick. Something barely misses you.
You feel less confused.
You feel sick.
You are no longer poisoned.
Something hits you. x2
You sock something!
Your weapon exudes an aura of protection.
Something barely misses you.
You closely miss something. Something hits you.
You barely miss something. Something hits you but does no damage.
Something hits you. Something burns you.
You sock something!
Your weapon exudes an aura of protection.
Something hits you!
You hit something but do no damage. Something hits you but does no damage.
Press: ? - help, Shift-Dir - straight line You breathe a blast of fire.
You hear some strange, mumbled words.
A bolt of poison appears from out of thin air!
The bolt of poison hits you!
You are poisoned.
* * * LOW HITPOINT WARNING * * *
You hear some strange, mumbled words.
A lance of force appears from out of thin air!
The lance of force hits you!!
You die...

......#
#............ .....
......#
#...........# #....
......#
#...........# #....
......#
#..########.####....
......# #..#
#......... ......#
#..########.........
......#
#..§................
......#
#..{.........###....
......#
#..@.........# #....
.###..#
#...######...# #....
.# #..# #...# #...#
#.... .# #..#
#...######...# #....
.###..#
#............# #....
......#
#............###....
......#
#..#######..........
......# #..#
#...###..## .###..#
#†.# #...# #..#


There were no monsters in sight!

Vanquished Creatures
  A two-headed ogre (D:6)
  A slime creature (D:7)
  A komodo dragon (D:7)
  Grinder (D:5)
  Prince Ribbit (D:8)
  Sigmund (D:2)
  2 steam dragons (D:8)
  Edmund (D:3)
  An acid dragon (D:9)
  4 water moccasins
  2 orc warriors
  A black bear (D:6)
  An ice beast (D:5)
  4 ogres
  A centaur (D:8)
  A gnoll sergeant (D:6)
  3 bullfrogs
  2 scorpions (D:4)
  A wyvern zombie (D:4)
  2 water moccasin skeletons
  3 wights
  8 killer bees
  A centaur zombie (D:7)
  5 orc priests
  Crazy Yiuf (D:7)
  2 bullfrog skeletons
  A centaur skeleton (D:7)
  A gnoll shaman (D:7)
  7 iguanas
  Jessica (D:3)
  Ijyb (D:3)
  Natasha (twice) (D:4)
  4 orc wizards
  2 killer bee zombies
  A hound zombie (D:5)
  13 gnolls
  12 adders
  2 shadow imps
  A white imp (D:4)
  An ufetubus (D:5)
  5 worms
  A dart slug (D:1)
  24 orcs
  6 bats
  5 endoplasms
  2 giant cockroaches
  11 goblins
  6 hobgoblins
  5 ball pythons
  4 frilled lizards
  3 kobolds (D:3)
  9 rats
182 creatures vanquished.

Vanquished Creatures (others)
  9 plants (D:7)
9 creatures vanquished.

Grand Total: 191 creatures vanquished

Notes
Turn   | Place    | Note
-------+----------+-------------------------------------------
     0 | D:1      | Panicmode the Draconian Berserker began the quest for the
                  | Orb.
     0 | D:1      | Reached XP level 1. HP: 19/19 MP: 1/1
   478 | D:1      | Reached XP level 2. HP: 26/26 MP: 2/2
  1137 | D:2      | Noticed Sigmund
  1221 | D:2      | Found a hide-covered altar of Uskayaw.
  1264 | D:2      | Reached XP level 3. HP: 30/33 MP: 3/3
  1867 | D:2      | Reached skill level 1 in Short Blades
  2314 | D:3      | Reached ** piety under Trog
  2428 | D:3      | Noticed Ijyb
  2431 | D:3      | Found Cacoten's Assorted Antiques.
  2446 | D:3      | Killed Ijyb
  2447 | D:3      | Reached XP level 4. HP: 25/40 MP: 4/4
  2585 | D:3      | Found a faded altar of an unknown god.
  2656 | D:3      | Noticed Jessica
  2669 | D:3      | Killed Jessica
  3122 | D:3      | Found a sacrificial altar of Ru.
  3159 | D:3      | Reached XP level 5. HP: 46/46 MP: 5/5
  3598 | D:4      | Noticed Natasha
  3599 | D:4      | Noticed an ogre
  3738 | D:4      | Reached skill level 1 in Stealth
  3986 | D:4      | Noticed Edmund
  4004 | D:3      | Killed Edmund
  4005 | D:3      | Reached skill level 1 in Throwing
  4005 | D:3      | Reached XP level 6. HP: 53/53 MP: 6/6
  4505 | D:4      | Killed Natasha
  4611 | D:4      | Your scales start taking on a fiery red colour.
  4611 | D:4      | Reached XP level 7. HP: 60/60 MP: 7/7
  4611 | D:4      | Gained mutation: Your flesh is heat resistant. (rF+) [Red
                  | Draconian growth]
  4660 | D:4      | Reached skill level 5 in Fighting
  5417 | D:4      | Noticed Natasha
  5419 | D:4      | Killed Natasha
  5714 | D:4      | Noticed Natasha
  6493 | D:2      | Killed Sigmund
  6494 | D:2      | Reached skill level 4 in Maces & Flails
  6494 | D:2      | Reached skill level 5 in Dodging
  6612 | D:5      | Entered Level 5 of the Dungeon
  6981 | D:5      | Reached skill level 5 in Maces & Flails
  7108 | D:5      | Reached XP level 8. HP: 68/70 MP: 8/8
  7361 | D:5      | Noticed Grinder
  7371 | D:5      | Killed Grinder
  7372 | D:5      | Reached skill level 6 in Maces & Flails
  8215 | D:6      | Found Xoqies's Armour Shop.
  8250 | D:6      | Found a staircase to the Ecumenical Temple.
  8382 | D:6      | Reached skill level 7 in Maces & Flails
  8964 | D:6      | Found a runed translucent door.
  8969 | D:6      | Found a shimmering altar of Xom.
  8969 | D:6      | Noticed destino's ghost (novice FeCj)
  9077 | D:6      | Noticed a two-headed ogre
  9095 | D:6      | Killed a two-headed ogre
  9096 | D:6      | Reached skill level 8 in Maces & Flails
  9096 | D:6      | Reached XP level 9. HP: 78/79 MP: 9/9
  9421 | D:6      | Noticed a +2 trident of chaos
  9808 | D:7      | Reached *** piety under Trog
  9904 | D:7      | Reached skill level 9 in Maces & Flails
 10186 | D:7      | Noticed a komodo dragon
 10207 | D:7      | Killed a komodo dragon
 10360 | D:7      | Found a runed translucent door.
 10361 | D:7      | Noticed Crazy Yiuf
 10622 | D:7      | HP: 4/120 [very large slime creature (19)]
 10624 | D:7      | Killed a very large slime creature
 10625 | D:7      | Reached XP level 10. HP: 5/88 MP: 10/10
 10985 | D:7      | Reached skill level 10 in Maces & Flails
 11477 | D:7      | Killed Crazy Yiuf
 11822 | D:8      | Noticed Prince Ribbit
 11829 | D:8      | Killed Prince Ribbit
 12488 | D:8      | Identified the +6 rapier of Starshine {vamp, Int+4}
 12570 | D:8      | Found a staircase to the Lair.
 13063 | D:9      | Found Kengiguc's Armour Emporium.
 13091 | D:9      | Noticed Erica
 13159 | D:9      | Killed from afar by Erica

Illustrated notes

Levels and vault maps discovered:
D:1:      erik_arrival_triangle_large, layout_basic
D:2:      layout_basic, basic_altar, kennysheep_generic_room_10, uniq_sigmund
D:3:      minmay_skewed_foursquare, layout_basic, overflow_temple_1_default,
          dreamdust_ecumenical_altar_grove, serial_shops, nicolae_diamond_shop,
          corexii_shack, minmay_misc_feat_encased, minmay_quantized,
          uniq_jessica, uniq_ijyb
D:4:      layout_rooms, serial_rivers, chequers_serial_rivers_small_a,
          chequers_serial_rivers_micro_b, chequers_serial_rivers_micro_e,
          chequers_serial_rivers_marsh, chequers_serial_rivers_marsh,
          uniq_edmund, uniq_natasha
D:5:      layout_rooms, saegor_snake_ambush, uniq_grinder
D:6:      layout_cave_pods, minmay_temple_entry_poolview, ebering_ghost_xom,
          serial_shops, nicolae_shop_crystal
D:7:      layout_loops_ring, enter_bailey_5, columned_hall_lemuel,
          minmay_lizard_king, uniq_crazy_yiuf_cottage
D:8:      layout_basic, lair_entry_dummy, uniq_prince_ribbit1
D:9:      layout_small_grid, serial_shops, shop, uniq_grum, uniq_erica

Skill      XL: |  1  2  3  4  5  6  7  8  9 10 |
---------------+-------------------------------+-----
Dodging        | 3 4 5 6 7 |  7.7
Short Blades   | 2 3 |  3.9
Fighting       | 4 5 7 8 |  8.8
Stealth        | 1 |  1.4
Throwing       | 1 |  1.0
Maces & Flails | 5 8 9 10 | 10.9

Action                   |  1- 3 |  4- 6 |  7- 9 | 10-12 || total
-------------------------+-------+-------+-------+-------++-------
Melee: Mace              |    17 |       |       |       ||    17
       Tailslap          |     5 |    19 |    50 |     9 ||    83
       Dagger            |    77 |    79 |       |       ||   156
       Flail             |       |    25 |   281 |   127 ||   433
Throw: Javelin           |     1 |    13 |    23 |       ||    37
       Boomerang         |       |       |    19 |    27 ||    46
Invok: Trog's Hand       |     1 |       |     1 |     1 ||     3
       Berserk           |       |     6 |     7 |     3 ||    16
 Abil: Breathe Fire      |       |       |    23 |    13 ||    36
 Stab: Sleeping          |     1 |       |       |     1 ||     2
       Invisible         |       |       |       |     1 ||     1
Armor: Skin              |    26 |    18 |    99 |    54 ||   197
Dodge: Dodged            |    44 |    48 |   174 |    77 ||   343
